 Dungeon Crawl Stone Soup version 0.24.1-1-gd1d2a07e1b (webtiles) character file.

Game seed: 5559411637268298817, levelgen mode: deterministic

84 Heliosone the Sneak (level 4, 0/28 HPs)
             Began as an Octopode Transmuter on Apr 10, 2020.
             Slain by an orc wizard
             ... wielding a +0 dagger
              (5 damage)
             ... on level 3 of the Dungeon.
             The game lasted 00:04:54 (2737 turns).

Heliosone the Sneak (Octopode Transmuter)           Turns: 2737, Time: 00:04:54

Health: 0/28       AC:  2    Str:  9    XL:     4   Next: 45%
Magic:  4/7        EV: 20    Int: 19    God:
Gold:   159        SH:  0    Dex: 17    Spells: 1/7 levels left

rFire    . . .     SeeInvis .     - Unarmed
rCold    . . .     Gourm    .   (shield currently unavailable)
rNeg     . . .     Faith    .   (helmet currently unavailable)
rPois    x         Spirit   .   (no amulet)
rElec    .         Reflect  .   h - +3 ring of intelligence
rCorr    .         Harm     .   (no ring)
MR       .....                  (no ring)
Stlth    +++.......             (no ring)
HPRegen  0.09/turn              (no ring)
MPRegen  0.10/turn              (no ring)
                                (no ring)
                                (no ring)

@: spider-form
A: tiny, almost no armour, stealthy swim, (amphibious), 8 rings, (constrict 8)
a: End Transformation


You were on level 3 of the Dungeon.
You were not hungry.
You were a venomous arachnid creature.
You visited 1 branch of the dungeon, and saw 3 of its levels.

You collected 159 gold pieces.

Inventory:

Missiles
 a - 85 arrows
Jewellery
 d - a cursed amulet of inaccuracy {unknown}
 h - a +3 ring of intelligence (left front leg)
Scrolls
 e - a scroll of teleportation {unknown}
 f - 4 scrolls of identify {unknown}
 j - 2 scrolls of magic mapping {unknown}
 m - a scroll of fear {unknown}
 o - a scroll of remove curse {unknown}
Potions
 b - a potion of ambrosia {unknown}
 g - 2 potions of berserk rage {unknown}
 i - 3 potions of heal wounds {unknown}
 k - 2 potions of flight {unknown}
 l - a potion of agility {unknown}
Comestibles
 c - 5 rations
 n - 4 chunks of flesh


   Skills:
 + Level 1.4 Fighting
 + Level 2.2 Dodging
 - Level 3.8 Stealth
 + Level 3.2 Unarmed Combat
 - Level 2.0 Spellcasting
 - Level 2.4 Transmutations
 - Level 1.3 Poison Magic


You had one spell level left.
You knew the following spells:

 Your Spells              Type           Power        Failure   Level  Hunger
a - Beastly Appendage     Tmut           ##....       17%         1    #......
b - Sticks to Snakes      Tmut           ##......     24%         2    ###....
c - Spider Form           Tmut/Pois      #.........   45%         3    ###....

Your spell library contained the following spells:

 Spells                   Type           Power        Failure   Level  Hunger
 Ice Form                 Ice/Tmut       #.......     87%         4    #####..
 Blade Hands              Tmut           ##........   95%         5    ######.


Dungeon Overview and Level Annotations

Branches:
Dungeon (3/15)

Altars:


Innate Abilities, Weirdness & Mutations

You cannot wear most types of armour.
You are very stealthy in the water. (Stealth+)
((You are amphibious.))
You can wear up to eight rings at the same time.
((You can use your tentacles to constrict eight enemies at once.))
((Your skin changes colour to match your surroundings (Stealth+).))
((Your rubbery body absorbs attacks. (AC +1, EV +1)))


Message History

Casting: Spider Form (safe; 24% risk of failure)
Confirm with . or Enter, or press ? or * to list all spells.
You turn into a venomous arachnid creature.
You barely miss the orc wizard.
The orc wizard hits you with a +0 dagger.
You hit the orc wizard.
The orc wizard is poisoned.
The orc wizard is moderately wounded.
You barely miss the orc wizard.
The orc wizard is moderately wounded.
The orc wizard casts a spell at you. The puff of flame hits you!
* * * LOW HITPOINT WARNING * * *
You barely miss the orc wizard.
The orc wizard is moderately wounded.
The orc wizard closely misses you.
You hit the orc wizard but do no damage.
The orc wizard is heavily wounded.
The orc closely misses you.
The orc wizard hits you with a +0 dagger.
You die...

#..### ##########....# #
..............# .##.###+#
.....####.#...# ....#...#
..<.....#÷#...# ##......#
. ..##....##### ........#
#+#.##....#####
........###.#.##..#.#....
......)os.#.#.##.........
.......o#.#.#.##.†...).##
........#..............##
........#.###..#.........
..#######.# #.<....#....#
# #########.....###.###
........##........#
.#######.#.##..#######
...........##..##....#


You could see an orc wizard and an orc.

Vanquished Creatures
  An adder (D:3)
  An ooze (D:1)
  3 worms
  3 dart slugs
  A leopard gecko (D:1)
  An orc (D:3)
  A ball python (D:2)
  2 giant cockroaches (D:2)
  6 goblins
  10 hobgoblins
  3 jackals (D:1)
  6 kobolds
  6 bats
  4 frilled lizards
  4 rats
52 creatures vanquished.

Notes
Turn   | Place    | Note
-------+----------+-------------------------------------------
     0 | D:1      | Heliosone the Octopode Transmuter began the quest for the
                  | Orb.
     0 | D:1      | Reached XP level 1. HP: 13/13 MP: 3/3
    41 | D:1      | Reached skill level 1 in Stealth
   392 | D:1      | Reached XP level 2. HP: 11/18 MP: 5/5
   799 | D:1      | Reached XP level 3. HP: 19/23 MP: 4/6
   816 | D:1      | Learned a level 2 spell: Sticks to Snakes
   820 | D:1      | Learned a level 3 spell: Spider Form
  1306 | D:2      | Found a faded altar of an unknown god.
  1364 | D:2      | Reached skill level 1 in Poison Magic
  2031 | D:2      | Reached XP level 4. HP: 27/28 MP: 7/7
  2737 | D:3      | Slain by an orc wizard

Levels and vault maps discovered:
D:1:      enne_arrival_octagon_isle, layout_basic
D:2:      layout_basic, first_ration, chequers_ecumenical_altar_simple_redux,
          chequers_serial_rivers_micro_e
D:3:      layout_basic

Skill      XL: |  1  2  3 |
---------------+----------+-----
Stealth        | 2 3 |  3.8
Poison Magic   | 1 |  1.3
Fighting       | |  1.4
Dodging        | |  2.2
Unarmed Combat | |  3.2
Spellcasting   | |  2.0
Transmutations | |  2.4

Action                   |  1- 3 |  4- 6 || total
-------------------------+-------+-------++-------
Melee: Unarmed           |    88 |    31 ||   119
       Constrict         |    19 |     7 ||    26
       Tentacles         |     7 |     5 ||    12
       Kick              |     2 |     2 ||     4
       Punch             |     2 |       ||     2
 Cast: Beastly Appendage |     1 |     1 ||     2
       Spider Form       |     3 |     2 ||     5
       Sticks to Snakes  |     1 |       ||     1
 Stab: Sleeping          |     9 |     1 ||    10
  Eat: Chunk             |     3 |     3 ||     6
Armor: Skin              |     6 |     1 ||     7
Dodge: Dodged            |    34 |    15 ||    49
